 Dungeon Crawl Stone Soup version 0.29.0-10-g45618ea6d2 (webtiles) character file.

Game seed: 17683863361285527381

4 NinjaNoafa the Insei (level 1, 0/13 HPs)
             Began as a Gnoll Wanderer on Sept 1, 2022.
             Slain by a quokka (4 damage)
             ... on level 1 of the Dungeon.
             The game lasted 00:00:54 (284 turns).

NinjaNoafa the Insei (Gnoll Wanderer)                Turns: 284, Time: 00:00:55

Health: 0/13       AC:  2    Str: 10    XL:     1   Next: 70%
Magic:  6/6        EV: 11    Int: 11    God:
Gold:   20         SH:  0    Dex: 12    Spells: 8/9 levels left

rFire   . . .      SeeInvis .   a - +0 dagger
rCold   . . .      Faith    .   (no shield)
rNeg    . . .      Spirit   .   f - +0 robe
rPois   .          Reflect  .   (no helmet)
rElec   .          Harm     .   (no cloak)
rCorr   .          Rampage  .   (no gloves)
Will    .....                   (no boots)
Stlth   +.........              (no amulet)
HPRegen 0.04/turn               (no ring)
MPRegen 0.10/turn               (no ring)

@: no status effects
A: fangs 1, strong nose, distributed training
a: no special abilities


You were on level 1 of the Dungeon.
You visited 1 branch of the dungeon, and saw 1 of its levels.

You collected 20 gold pieces.

Inventory:

Hand Weapons
 a - a +0 dagger (weapon)
Missiles
 c - 12 poisoned darts (quivered)
Armour
 f - a +0 robe (worn)
Scrolls
 e - a scroll of fear
 g - 4 scrolls of identify {unknown}
 h - a scroll of magic mapping {unknown}
Potions
 b - a potion of berserk rage
 d - a potion of haste
 i - a potion of lignification {unknown}
 j - a potion of mutation {unknown}


   Skills:
 + Level 0.1 Fighting
 + Level 0.1 Short Blades
 + Level 0.1 Long Blades
 + Level 0.1 Axes
 + Level 0.1 Maces & Flails
 + Level 0.1 Polearms
 + Level 0.1 Staves
 + Level 0.1 Ranged Weapons
 + Level 6.4 Throwing
 + Level 0.1 Armour
 + Level 0.1 Dodging
 + Level 0.1 Stealth
 + Level 0.1 Shields
 + Level 6.4 Unarmed Combat
 + Level 4.9 Spellcasting
 + Level 0.1 Conjurations
 + Level 0.1 Hexes
 + Level 0.1 Summonings
 + Level 0.1 Necromancy
 + Level 0.1 Translocations
 + Level 0.1 Transmutations
 + Level 0.1 Fire Magic
 + Level 0.1 Ice Magic
 + Level 3.6 Air Magic
 + Level 0.1 Earth Magic
 + Level 0.1 Poison Magic
 + Level 0.2 Invocations
 + Level 0.1 Evocations


You had 8 spell levels left.
You knew the following spells:

 Your Spells              Type           Power      Damage    Failure   Level
a - Shock                 Conj/Air       24%        1d4       10%         1

Your spell library contained the following spells:

 Spells                   Type           Power      Damage    Failure   Level
 Swiftness                Air            10%        N/A       14%         3


Dungeon Overview and Level Annotations

Branches:
Dungeon (1/15)

Altars:

Shops:
D:1 :


Innate Abilities, Weirdness & Mutations

You have very sharp teeth.
Your uncanny sense of smell can sniff out nearby items.
Your experience applies equally to all skills.


Message History

The ball python is heavily wounded.
The ball python bites you. The ball python barely misses you.
You barely miss the ball python.
The ball python is moderately wounded.
The ball python misses you. The ball python closely misses you.
The ball python bites you but does no damage.
The ball python grabs you. The ball python constricts you.
You hit the ball python.
The ball python is severely wounded.
The ball python barely misses you. The ball python constricts you.
You hit the ball python.
You kill the ball python!
g - 3 scrolls labelled MEYWAU ETZANUV (gained 1)
Found a stone staircase leading down.
An endoplasm comes into view.
Found a scroll labelled MEYWAU ETZANUV and 9 gold pieces.
The endoplasm quivers.
You hit the endoplasm.
The endoplasm is lightly wounded.
The endoplasm barely misses you.
You hit the endoplasm.
The endoplasm is severely wounded.
The endoplasm barely misses you.
You hit the endoplasm but do no damage. You punch the endoplasm.
You kill the endoplasm!
g - 4 scrolls labelled MEYWAU ETZANUV (gained 1)
You now have 20 gold pieces (gained 9).
Found a faded altar of an unknown god.
A quokka comes into view.
A frilled lizard comes into view.
The frilled lizard hisses angrily.
The quokka bites you. The quokka barely misses you.
You barely miss the quokka. The quokka bites you.
You closely miss the quokka. The quokka bites you.
You barely miss the quokka. The quokka barely misses you.
The frilled lizard closely misses you.
You hit the quokka. You bite the quokka, but do no damage.
The quokka is lightly wounded.
The quokka bites you.
You die...

### #.# #### #######.#
##...
#.......#######...#
#.####.#.P.~P~....#
#.#....#...PP..P..#
#.......#P...@r...#
######.##.P#..⌠⌠⌠l......
##.......P.#.P..⌠.......
.#.###.##..#...P........
.#.#.#.##.PP#.#..#...#..
............#_#..#...# .
..........~.######...#
.............#........
.............#...


You could see a quokka and a frilled lizard.

Vanquished Creatures
  A ball python (D:1)
  An endoplasm (D:1)
  A goblin (D:1)
  A bat (D:1)
4 creatures vanquished.

Notes
Turn   | Place    | Note
-------+----------+-------------------------------------------
     0 | D:1      | NinjaNoafa the Gnoll Wanderer began the quest for the Orb.
     0 | D:1      | NinjaNoafa set off with the following items: a +0 dagger, a
                  | potion of berserk rage, 12 poisoned darts, a potion of
                  | haste, a scroll of fear, a +0 robe; and the following spell
                  | memorised: Shock; and the following spells available to
                  | memorise: Swiftness.
     0 | D:1      | Reached XP level 1. HP: 13/13 MP: 6/6
   128 | D:1      | Found Dadibub's Book Shoppe.
   275 | D:1      | Found a faded altar of an unknown god.
   284 | D:1      | Slain by a quokka

Illustrated notes

Levels and vault maps discovered:
D:1:      elethiomel_arrival_maze, layout_basic, serial_shops,
          nicolae_shop_trees, shapermc_ecumenical_altar_mp_ritualfount

Action                   || total
-------------------------++-------
Melee: Dagger            ||    14
       Punch             ||     1
       Bite              ||     1
Armor: Robe              ||     1
Dodge: Dodged            ||    11
